 Dungeon Crawl Stone Soup version 0.17.2 (webtiles) character file.

211 ololoev the Slasher (level 5, -5/41 HPs)
             Began as a Mummy Chaos Knight on June 30, 2016.
             Slain by a gnoll
             ... wielding a +0 whip
              (7 damage)
             ... on level 4 of the Dungeon.
             The game lasted 00:04:10 (2675 turns).

ololoev the Slasher (Mummy Chaos Knight)            Turns: 2675, Time: 00:04:11

Health: -5/41      AC:  8    Str: 17    XL:     5   Next: 57%
Magic:  5/5        EV: 11    Int: 11    God:    Xom [..*...]
Gold:   179        SH:  0    Dex: 11    Spells: 0 memorised, 4 levels left

rFire  x . .     SeeInvis .     a - +0 falchion (chaos)
rCold  + . .     Clarity  .     b - +2 leather armour
rNeg   + + +     SustAt   .     (no shield)
rPois  ∞         Gourm    .     (no helmet)
rElec  .         Spirit   .     f - +0 cloak
rCorr  .         Warding  .     (no gloves)
rMut   .         Stasis   .     (no boots)
MR     .....                    (no amulet)
Stlth  ..........               m - ring of loudness (curse)
                                n - +2 ring of protection

@: not resistant to hostile enchantments, extremely unstealthy
A: no food or potions, fire vulnerability, cold resistance 1, negative energy
resistance 3, torment resistance, unbreathing
a: Renounce Religion


Innate Abilities, Weirdness & Mutations

You do not eat or drink.
Your flesh is vulnerable to fire.
You are immune to poison.
Your flesh is cold resistant.
You are immune to negative energy.
You are immune to unholy pain and torment.
You can survive without breathing.

Inventory:

Hand Weapons
 a - a +0 falchion of chaos (weapon)
Missiles
 k - 9 poisoned needles
Armour
 b - a +2 leather armour (worn)
 f - a +0 cloak (worn)
Jewellery
 i - an uncursed ring of protection from fire
 l - an uncursed ring of protection from fire
 m - a cursed ring of loudness (right hand)
 n - a +2 ring of protection (left hand)
Scrolls
 c - 3 scrolls of teleportation {unknown}
 d - a scroll of fog {unknown}
 e - 5 scrolls of identify {unknown}
 g - 2 scrolls of remove curse {unknown}
 h - a scroll of fear {unknown}
 j - 2 scrolls of random uselessness {unknown}


   Skills:
 - Level 3.0 Fighting
 * Level 4.5 Long Blades
 + Level 2.9 Armour
 - Level 0.7 Dodging


You had 4 spell levels left.
You didn't know any spells.


You were on level 4 of the Dungeon.
You worshipped Xom.
You were a toy of Xom.
You were not hungry.

You visited 1 branch of the dungeon, and saw 4 of its levels.

You collected 179 gold pieces.

♣).....###.#
♣)♣)..#.# #.#
♣♣♣##.# #.#
#.# #.# #.#
#.# #.# #.#
####. #.# #.##
##.... #.#
#..# #..#
######.####@#
..## #.......#
#g#
..)###.......#
#g#
.#†.##.......#
#.#
.##..........#
#.#
..####)......#
#).# ..#
#...)...# ##.#
...# #.......#
.# #..#
#..###.## ..

Notes
Turn   | Place    | Note
--------------------------------------------------------------
     0 | D:1      | ololoev the Mummy Chaos Knight began the quest for the Orb.
     0 | D:1      | Reached XP level 1. HP: 18/18 MP: 1/1
   283 | D:1      | Reached XP level 2. HP: 13/24 MP: 2/2
   704 | D:1      | XOM: harmless Hex miscast
   942 | D:2      | Reached XP level 3. HP: 29/29 MP: 3/3
  1076 | D:2      | XOM: silly message
  1332 | D:3      | XOM: harmless Fire miscast
  1579 | D:3      | Found a shadowy altar of Dithmenos.
  1589 | D:3      | Reached XP level 4. HP: 28/35 MP: 4/4
  1693 | D:3      | XOM: 4-stop teleportation journey
  2152 | D:3      | Found a burning altar of Makhleb.
  2159 | D:3      | XOM: enchant monster (good)
  2168 | D:3      | Reached skill level 4 in Long Blades
  2232 | D:3      | XOM: divination: detect creatures
  2378 | D:4      | XOM: noise
  2432 | D:4      | Reached XP level 5. HP: 39/41 MP: 5/5
  2656 | D:4      | XOM: harmless Ice miscast
  2675 | D:4      | HP: 2/41 [gnoll/spear (3)]
  2675 | D:4      | Slain by a gnoll

Dungeon Overview and Level Annotations

Branches:
Dungeon (4/15)
 Temple: D:4-7

Altars:
Dithmenos
Makhleb


Message History

You are too injured to fight recklessly!
You are too injured to fight recklessly!
You are too injured to fight recklessly!
You are too injured to fight recklessly!
You are too injured to fight recklessly!
You are too injured to fight recklessly!
You are too injured to fight recklessly!
You are too injured to fight recklessly!
You are too injured to fight recklessly!
You are too injured to fight recklessly!
You are too injured to fight recklessly!
You are too injured to fight recklessly!
You are too injured to fight recklessly!
You are too injured to fight recklessly!
You are too injured to fight recklessly!
You are too injured to fight recklessly!
You are too injured to fight recklessly!
You are too injured to fight recklessly!
You hit the gnoll. You drain the gnoll!
The gnoll is heavily wounded.
The gnoll barely misses you.
You barely miss the gnoll.
The gnoll is heavily wounded.
The gnoll hits you but does no damage. The gnoll barely misses you.
You closely miss the gnoll.
The gnoll is heavily wounded.
The gnoll hits you but does no damage. The gnoll misses you.
You completely miss the gnoll.
The gnoll is heavily wounded.
The gnoll hits you from afar with a spear!
The gnoll barely misses you.
You hit the gnoll.
The gnoll goes berserk!
The gnoll is severely wounded.
The gnoll barely misses you. x2
You hit the gnoll.
The gnoll is severely wounded.
The gnoll hits you with a whip.
The gnoll hits you from afar with a spear.
The gnoll hits you with a whip!
You die...

You could see 2 gnolls.

Vanquished Creatures
  2 hounds
  A worker ant (D:4)
  A hound skeleton (D:4)
  A gnoll (D:4)
  3 adders
  An ooze (D:2)
  A worm (D:2)
  2 giant geckos (D:1)
  6 orcs
  5 giant cockroaches
  6 hobgoblins
  5 jackals
  9 kobolds
  A quokka (D:3)
  A ball python (D:3)
  4 bats
  5 giant newts
  3 goblins
  4 rats
61 creatures vanquished.

Action                   |  1- 3 |  4- 6 || total
-------------------------+-------+-------++-------
Melee: Falchion          |   144 |    95 ||   239
 Stab: Sleeping          |     1 |       ||     1
       Paralysed         |       |     1 ||     1

Vault maps used:
D:1:      lightli_arrival_noodles, wad_floor_pattern_untrapped
D:2:      nicolae_tso_carved_into_rock
D:3:      nicolae_dithmenos_shadow_blocks, makhleb_blood_cavern_becter
D:4:      nicolae_qazlal_eye_of_the_storm, uniq_edmund, uniq_crazy_yiuf_cottage
